 Dungeon Crawl Stone Soup version 0.31-a0-489-g282fc92437 (webtiles) character file.

Game seed: 15214607960052338746

2863 Ethylacetat the Slicer (level 9, -12/66 HPs)
             Began as an Octopode Gladiator on Aug 8, 2023.
             Was an Initiate of Gozag.
             Mangled by a fire elemental (13 damage)
             ... created by the fiery vengeance of Ignis
             ... on level 9 of the Dungeon.
             The game lasted 00:21:51 (7111 turns).

Ethylacetat the Slicer (Octopode Gladiator)         Turns: 7111, Time: 00:21:52

Health: -12/66     AC:  1    Str: 13    XL:     9   Next: 75%
Magic:  2/2        EV: 29    Int: 10    God:    Gozag
Gold:   673        SH:  0    Dex: 18    Spells: 8/8 levels left

rFire   . . .        D - +1 short sword of Fortitude {antimagic, *Noise rF+ rCorr}
rCold   + . .        (no shield)
rNeg    . . .        b - +0 hat
rPois   .            h - amulet of the acrobat
rElec   .            w - ring of protection from fire
rCorr   +            E - ring of resist corrosion
SInv    .            (no ring)
Will    .....        (no ring)
Stlth   +++          (no ring)
HPRegen 0.31/turn    (no ring)
MPRegen 0.08/turn    (no ring)
                     (no ring)

%: acrobat
@: acrobatic, fire susceptible
A: almost no armour, amphibious, 8 rings, camouflage 1, gelatinous body 1,
(nimble swimmer 1), tentacles, cold resistance 1, fire resistance 1, low MP 1
a: Renounce Religion, Potion Petition, Call Merchant, Bribe Branch


You were on level 9 of the Dungeon.
You worshipped Gozag.
Gozag was pleased with you.
You visited 2 branches of the dungeon, and saw 10 of its levels.
You also visited: Sewer.

You collected 752 gold pieces.
You paid 79 gold pieces to Gozag.

Inventory:

Hand Weapons
 a - a +0 rapier
 D - the +1 short sword of Fortitude (weapon) {antimagic, *Noise rF+ rCorr}
   (You found it on level 6 of the Dungeon)

   rF:        It protects you from fire.
   *Noise:    It may make noises in combat.
   rCorr:     It protects you from acid and corrosion.
Missiles
 c - 3 throwing nets (quivered)
Armour
 b - a +0 hat (worn)
Jewellery
 h - an amulet of the acrobat (around mantle)
 w - a ring of protection from fire (left tentacle)
 E - a ring of resist corrosion (right tentacle)
Wands
 o - a wand of flame (11)
Scrolls
 d - a scroll of brand weapon {unknown}
 f - 3 scrolls of revelation {unknown}
 g - 9 scrolls of identify {unknown}
 p - 4 scrolls of enchant armour {unknown}
 q - a scroll of fog {unknown}
 s - 5 scrolls of teleportation
 u - 5 scrolls of noise {unknown}
 x - 4 scrolls of fear {unknown}
 y - a scroll of amnesia {unknown}
 A - a scroll of enchant weapon {unknown}
 C - a scroll of vulnerability {unknown}
Potions
 e - 3 potions of enlightenment
 i - 3 potions of mutation
 j - a potion of curing {unknown}
 k - a potion of might {unknown}
 l - 3 potions of haste
 m - 3 potions of heal wounds
 n - 3 potions of lignification {unknown}
 r - 2 potions of brilliance {unknown}
 t - a potion of invisibility {unknown}
 z - a potion of resistance {unknown}
 F - a potion of degeneration {unknown}


   Skills:
 + Level 8.3 Fighting
 + Level 8.6 Short Blades
 - Level 2.0 Throwing
 - Level 3.0 Dodging
 * Level 5.3 Shapeshifting


You had 8 spell levels left.
You didn't know any spells.
Your spell library was empty.

Dungeon Overview and Level Annotations

Branches:
Dungeon (8/15)             Temple (1/1) D:5           Sewer (visited)
   Lair: D:8-11

Altars:
Ashenzari
Dithmenos
Elyvilon
Fedhas
Gozag
Kikubaaqudgha
Makhleb
Nemelex Xobeh
Okawaru
Qazlal
Ru
Sif Muna
Trog
Uskayaw
Vehumet
Wu Jian
Xom
Yredelemnul
Zin
The Shining One
Ignis

Annotations:
D:6 3 runed translucent doors, AIAndy's ghost, novice OpSh


Innate Abilities, Weirdness & Mutations

You cannot wear most types of armour.
You are amphibious.
You can wear up to eight rings at the same time.
Your skin changes colour to match your surroundings (Stealth+).
Your rubbery body absorbs attacks. (AC +1, EV +1)
((You are camouflaged when in or above water. (Stealth+)))
You have tentacles for arms and can constrict up to eight enemies at once.
Your flesh is cold resistant. (rC+)
Your flesh is heat resistant. (rF+)
Your magical capacity is low. (-10% MP)


Message History

You start resting.
Your extra speed is starting to run out.
You start resting.
You feel yourself slow down.
You start resting.
You are starting to lose your buoyancy.
You start resting.
You float gracefully downwards.
Your enlightenment fades.
You start resting. "Betrayer!
Apostate!
Perish!" 2 fire elementals come into view.
You miss the fire elemental.
You hit the fire elemental but do no damage.
You miss the fire elemental. The fire elemental hits you.
The fire elemental burns you!
You hit the fire elemental.
The fire elemental is lightly damaged.
The fire elemental misses you. The fire elemental hits you.
The fire elemental burns you!
You barely miss the fire elemental. You squeeze the fire elemental!
The fire elemental is moderately damaged.
The fire elemental barely misses you.
You closely miss the fire elemental.
The fire elemental is moderately damaged.
The fire elemental barely misses you.
You hit the fire elemental but do no damage.
The fire elemental is moderately damaged.
The fire elemental hits you. The fire elemental burns you!
* * * LOW HITPOINT WARNING * * *
The fire elemental misses you.
Okay, then.
Okay, then.
You open the door. The fire elemental misses you. The fire elemental hits you.
The fire elemental burns you!
* * * LOW HITPOINT WARNING * * *
The fire elemental misses you. The fire elemental hits you.
The fire elemental burns you!
You die...
Your body crumbles into a pile of gold. #...
Y... #...
YYY..

####...
#.....########.
#.....#.......[
+.....#......
#.....#.ā—‹.#
#.....#Eā—‹.#####
#.....@E.......
#.....#........
#.....#........
#.....#+#######
#.....# #.....+
#.....# #.....#
......#


You could see 2 fire elementals.

Vanquished Creatures
  A troll (D:9)
  3 yaks (D:5)
  Menkaure (D:5)
  An orc warrior (D:7)
  A black bear (D:6)
  Pargi (Sewer)
  A sky beast (D:7)
  An ogre (D:5)
  A centaur (D:6)
  2 phantoms
  A kobold brigand (D:7)
  Blork the orc (D:4)
  2 scorpions
  3 wights
  2 howler monkeys
  A crimson imp (D:5)
  2 jellies
  5 orc priests
  A gnoll bouda (D:7)
  A hound (D:6)
  A sleepcap (D:7)
  An iguana (D:5)
  Ijyb (D:5)
  3 orc wizards
  Robin (D:2)
  7 gnolls
  11 adders
  A white imp (D:5)
  2 ufetubi
  2 worms (D:2)
  3 dart slugs
  20 orcs
  8 bats
  11 endoplasms
  6 giant cockroaches
  20 goblins
  15 hobgoblins
  9 jackals
  5 quokkas
  16 ball pythons
  7 frilled lizards
  18 kobolds
  2 rats (D:3)
202 creatures vanquished.

Vanquished Creatures (collateral kills)
  A yak (D:5)
  A gnoll (D:6)
  A foxfire (D:5)
3 creatures vanquished.

Vanquished Creatures (others)
  A yak (D:5)
  An orc (D:7)
  74 foxfires
76 creatures vanquished.

Grand Total: 281 creatures vanquished

Notes
Turn   | Place    | Note
-------+----------+-------------------------------------------
     0 | D:1      | Ethylacetat the Octopode Gladiator began the quest for the
                  | Orb.
     0 | D:1      | Reached XP level 1. HP: 14/14 MP: 1/1
   109 | D:1      | Reached XP level 2. HP: 20/20 MP: 2/2
   196 | D:1      | Found a faded altar of an unknown god.
   205 | D:1      | Prayed at the altar of an unknown god.
   205 | D:1      | Became a worshipper of Ignis, the Dying Flame
   285 | D:1      | Reached XP level 3. HP: 24/25 MP: 3/3
  1120 | D:2      | Reached XP level 4. HP: 31/31 MP: 4/4
  1487 | D:2      | Noticed Robin
  1503 | D:2      | Killed Robin
  1504 | D:2      | Reached XP level 5. HP: 15/37 MP: 5/5
  1751 | D:3      | Found an iron altar of Okawaru.
  1761 | D:3      | Found a shimmering altar of Xom.
  1855 | D:3      | Found a broken altar of Ashenzari.
  1900 | D:3      | Found a glowing silver altar of Zin.
  1901 | D:3      | Noticed an angel
  2068 | D:3      | Found a burning altar of Makhleb.
  2299 | D:3      | Found a hide-covered altar of Uskayaw.
  2550 | D:4      | Noticed Blork the orc
  2560 | D:4      | Killed Blork the orc
  2561 | D:4      | Reached skill level 5 in Short Blades
  2561 | D:4      | Reached XP level 6. HP: 4/44 MP: 6/6
  2814 | D:4      | Reached skill level 5 in Fighting
  2888 | D:4      | Reached XP level 7. HP: 8/50 MP: 7/7
  2967 | D:4      | Found a glowing drain.
  2983 | Sewer    | Entered a sewer
  3057 | Sewer    | Noticed Pargi
  3065 | Sewer    | Killed Pargi
  3748 | D:5      | Entered Level 5 of the Dungeon
  4028 | D:5      | Found a staircase to the Ecumenical Temple.
  4047 | Temple   | Entered the Ecumenical Temple
  4118 | D:5      | Noticed Ijyb
  4123 | D:5      | Killed Ijyb
  4252 | D:5      | Noticed a yak
  4253 | D:5      | Noticed a yak
  4254 | D:5      | Noticed a yak
  4258 | D:5      | Noticed a yak
  4258 | D:5      | Noticed a yak
  4259 | D:5      | Killed a yak
  4260 | D:5      | Reached XP level 8. HP: 58/58 MP: 8/8
  4341 | Temple   | Fell from the grace of Ignis
  4341 | Temple   | Became a worshipper of Gozag Ym Sagoz the Greedy
  4510 | D:5      | You fall into a shaft and drop 3 floors!
  4522 | D:7      | Reached skill level 1 in Shapeshifting
  4896 | D:6      | Identified the +1 short sword of Fortitude {antimagic,
                  | *Noise rF+ rCorr}
  5151 | D:5      | Killed a yak
  5155 | D:5      | Killed a yak
  5156 | D:5      | Reached XP level 9. HP: 64/64 MP: 3/9
  5209 | D:5      | Noticed Menkaure
  5214 | D:5      | Killed Menkaure
  5518 | D:6      | Found a runed translucent gate.
  5520 | D:6      | Found a runed translucent gate.
  5520 | D:6      | Found a runed translucent gate.
  5545 | D:6      | Noticed AIAndy's ghost (novice OpSh)
  5868 | D:6      | Found a radiant altar of Vehumet.
  6496 | D:7      | Found a glowing golden altar of the Shining One.
  6498 | D:7      | Found a basalt altar of Yredelemnul.
  6568 | D:7      | Noticed a profane servitor
  6722 | D:7      | Reached skill level 5 in Shapeshifting
  6877 | D:7      | You fall into a shaft and drop 2 floors!
  6892 | D:9      | Noticed a troll
  7005 | D:9      | Gained mutation: Your flesh is cold resistant. (rC+)
                  | [potion of mutation]
  7005 | D:9      | Gained mutation: Your magical capacity is low. (-10% MP)
                  | [potion of mutation]
  7005 | D:9      | Gained mutation: Your flesh is heat resistant. (rF+)
                  | [potion of mutation]
  7031 | D:9      | Noticed a troll
  7042 | D:9      | Killed a troll
  7110 | D:9      | HP: 1/66 [fire elemental[the fiery vengeance of Ignis]
                  | (14)]
  7111 | D:9      | Mangled by a fire elemental

Illustrated notes

Levels and vault maps discovered:
D:1:      co_arrival_square_in_a_square_in_a_square, layout_rooms,
          hellmonk_ecumenical_altar_crossroads, chequers_serial_rivers_micro_d
D:2:      layout_basic, kennysheep_another_room, uniq_robin
D:3:      kennysheep_the_goblin_king, layout_loops_ring,
          grunt_temple_overflow_order_and_chaos_1, bloody_makhleb,
          marbit_many_paths, okawaru_metal_pillars_1_2, lemuel_tele_altar
D:4:      minmay_chambers_of_threes, layout_loops_ring, portal_sewer_entry_f,
          uniq_blork_the_orc
D:5:      layout_basic, minmay_temple_entry_proselytizer,
          minmay_fire_ice_demons, uniq_menkaure, uniq_ijyb
D:6:      layout_loops_ring, nicolae_vehumet_altar_sigil, gammafunk_ghost_icy,
          nicolae_elevator_lobby_asterisk
D:7:      layout_rooms, grunt_temple_overflow_holy_war
D:8:      layout_basic, mainiacjoe_overflow_alcove_4, cheibrodos_worm_habitat,
          uniq_pikel
D:9:      layout_gridville, jiyva_altar_1, uniq_psyche
Temple:   grunt_temple_mini_profane

Skill      XL: |  1  2  3  4  5  6  7  8  9 |
---------------+----------------------------+-----
Fighting       | 3 4 5 6 7 8 |  8.3
Short Blades   | 4 5 7 8 |  8.6
Shapeshifting  | 3 5 |  5.3
Throwing       | |  2.0
Dodging        | |  3.0

Action                     |  1- 3 |  4- 6 |  7- 9 || total
---------------------------+-------+-------+-------++-------
  Melee: Rapier            |    94 |   115 |   104 ||   313
         Tentacles         |    17 |    25 |    70 ||   112
         Constrict         |    19 |    31 |    51 ||   101
         Punch             |       |     2 |     6 ||     8
         Short sword       |       |       |   114 ||   114
  Throw: Throwing net      |       |       |     1 ||     1
 Invoke: Fiery Armour      |       |     1 |     1 ||     2
         Foxfire Swarm     |       |     1 |     6 ||     7
         Rising Flame      |       |       |     1 ||     1
  Evoke: Wand              |       |     1 |    33 ||    34
    Use: Potion            |       |       |     4 ||     4
         Scroll            |       |       |     1 ||     1
   Stab: Sleeping          |     4 |    10 |    12 ||    26
         Distracted        |       |     3 |     4 ||     7
 Armour: Skin              |    10 |     9 |     9 ||    28
  Dodge: Dodged            |    59 |    75 |   124 ||   258

Table legend: (Time is in decaauts)
 A = Elapsed time spent in this place.
 B = Non-inter-level travel time spent in this place.
 C = Inter-level travel time spent in this place.
 D = Time resting spent in this place.
 E = Time spent auto-exploring this place.
 F = Levels seen in this place.
 G = Mean time per level.
                   A        B        C        D        E       F      G
               +--------+--------+--------+--------+--------+-----+--------+
         Total |   7026 |   6787 |    239 |    637 |   4511 |  11 |  638.7 |
       Dungeon |   6666 |   6473 |    193 |    637 |   4269 |   9 |  740.7 |
        Temple |     58 |     12 |     46 |      0 |      0 |   1 |   58.0 |
         Sewer |    301 |    301 |      0 |      0 |    242 |   1 |  301.0 |
               +--------+--------+--------+--------+--------+-----+--------+

Top non-repeatable levels by time:
     D:2: 1119 daAuts
     D:5: 1114 daAuts
     D:4: 946 daAuts
     D:6: 906 daAuts
     D:7: 848 daAuts
     D:3: 792 daAuts
     D:1: 597 daAuts
   Sewer: 301 daAuts
     D:9: 207 daAuts
     D:8: 133 daAuts
  Temple: 58 daAuts
